 Dungeon Crawl Stone Soup version 0.21.1-1-g345015f (webtiles) character file.

46 keltmir the Vexing (level 3, -6/19 HPs)
             Began as a Deep Elf Enchanter on Apr 2, 2018.
             Killed from afar by Terence (10 damage)
             ... with a wand of flame (19)
             ... on level 2 of the Dungeon.
             The game lasted 00:11:14 (2078 turns).

keltmir the Vexing (Deep Elf Enchanter)             Turns: 2078, Time: 00:11:15

Health: -6/19      AC:  2    Str:  5    XL:     3   Next: 44%
Magic:  6/10       EV: 13    Int: 19    God:
Gold:   98         SH:  0    Dex: 16    Spells: 0/9 levels left

rFire    . . .     SeeInvis .   a - +1 dagger
rCold    . . .     Gourm    .   (no shield)
rNeg     . . .     Faith    .   b - +0 robe
rPois    .         Spirit   .   (no helmet)
rElec    .         Reflect  .   (no cloak)
rCorr    .         Harm     .   (no gloves)
MR       .....                  (no boots)
Stlth    +++.......             (no amulet)
HPRegen  0.06/turn              (no ring)
MPRegen  0.12/turn              (no ring)

@: no status effects
A: no striking features
a: no special abilities


You were on level 2 of the Dungeon.
You were not hungry.

You visited 1 branch of the dungeon, and saw 2 of its levels.

You collected 98 gold pieces.

Inventory:

Hand Weapons
 a - a +1 dagger (weapon)
Armour
 b - a +0 robe (worn)
Scrolls
 e - 3 scrolls of identify {unknown}
 f - 2 scrolls of remove curse {unknown}
 i - a scroll of fog {unknown}
 j - a scroll of fear {unknown}
Potions
 h - a potion of cancellation {unknown}
 k - a potion of haste {unknown}
Books
 c - a book of Maledictions

   Spells                             Type                      Level
   a - Corona                         Hexes                        1
   b - Ensorcelled Hibernation        Hexes/Ice                    2
   c - Confuse                        Hexes                        3
   d - Tukima's Dance                 Hexes                        3
   e - Dazzling Spray                 Conjuration/Hexes            3
 g - a book of Cantrips

   Spells                             Type                      Level
   a - Confusing Touch                Hexes                        1
   b - Animate Skeleton               Necromancy                   1
   c - Summon Small Mammal            Summoning                    1
   d - Apportation                    Translocation                1
Comestibles
 d - 4 rations


   Skills:
 + Level 1.6 Short Blades
 + Level 2.9 Dodging
 + Level 4.2 Stealth
 + Level 3.6 Spellcasting
 + Level 4.5 Hexes


You couldn't memorise any spells.
You knew the following spells:

 Your Spells              Type           Power        Failure   Level  Hunger
a - Corona                Hex            ###....      2%          1    None
b - Ensorcelled Hibernat  Hex/Ice        ##....       9%          2    ##.....
c - Tukima's Dance        Hex            ###.....     7%          3    ###....
d - Dazzling Spray        Conj/Hex       ##....       17%         3    ###....


Dungeon Overview and Level Annotations

Branches:
Dungeon (2/15)

Altars:

Annotations:
D:2 Terence


Message History

Terence bares his teeth.
Casting: Ensorcelled Hibernation
Confirm with . or Enter, or press ? or * to list all spells.
Aiming: Ensorcelled Hibernation
Press: ? - help, Shift-Dir - straight line, f - Terence
Aim: Terence, wielding a flail, wearing a scale mail and carrying a wand of flame (20) (chance to defeat MR: 51%) Terence resists with some effort.
Casting: Ensorcelled Hibernation
Confirm with . or Enter, or press ? or * to list all spells.
Aiming: Ensorcelled Hibernation
Press: ? - help, Shift-Dir - straight line, f/p - Terence
Aim: Terence, wielding a flail, wearing a scale mail and carrying a wand of flame (20) (chance to defeat MR: 51%) Terence resists with some effort.
Terence says, "Don't bother to defend, it's useless."
Terence zaps a wand.
The puff of flame hits you!
Ouch! That really hurt!
* * * LOW HITPOINT WARNING * * *
Terence zaps a wand.
The puff of flame hits you!
Ouch! That really hurt!
You die...

#.. ########## #.#.##
#........# #.#..#
#........# #.#..#
#...<....# #.#..#
###....(### #.#..####
####....## #........
######..##.#####....#
........##..@...@...##
######.....######....#
#####.# #.#......# #.#
.......>.... ###
#.#...##..... #.#..).
...#. . ..#..# ...s
##.<....# ... ###.##.#
...


You could see Terence.

Vanquished Creatures
  An ooze (D:1)
  A worm (D:2)
  2 dart slugs (D:1)
  A bat (D:1)
  A giant cockroach (D:1)
  3 hobgoblins (D:1)
  7 jackals (D:1)
  5 kobolds (D:1)
  3 goblins (D:1)
  7 rats (D:1)
31 creatures vanquished.

Notes
Turn   | Place    | Note
-------+----------+-------------------------------------------
     0 | D:1      | keltmir the Deep Elf Enchanter began the quest for the Orb.
     0 | D:1      | Reached XP level 1. HP: 10/10 MP: 6/6
   115 | D:1      | Reached XP level 2. HP: 5/15 MP: 4/8
   437 | D:1      | Learned a level 2 spell: Ensorcelled Hibernation
  1100 | D:1      | Reached XP level 3. HP: 19/19 MP: 5/9
  1956 | D:2      | Learned a level 3 spell: Tukima's Dance
  1960 | D:2      | Learned a level 3 spell: Dazzling Spray
  2069 | D:2      | Noticed Terence
  2078 | D:2      | Killed from afar by Terence

Skill      XL: |  1  2 |
---------------+-------+-----
Stealth        | 4 |  4.2
Short Blades   | |  1.6
Dodging        | |  2.9
Spellcasting   | |  3.6
Hexes          | |  4.5

Action                   || total
-------------------------++-------
Melee: Dagger            ||   104
 Cast: Corona            ||    11
       Ensorcelled Hiber ||    36
 Stab: Sleeping          ||    16
  Eat: Chunk             ||     5
Armor: Robe              ||    20
Dodge: Dodged            ||    81
